 Dungeon Crawl Stone Soup version 0.17.0-24-gcfadda4 (webtiles) character file.

746 M4edhros the Covert (level 7, -4/43 HPs)
             Began as an Octopode Artificer on Nov 16, 2015.
             Slain by a spriggan baker
             ... wielding a +0 dagger
              (9 damage)
             ... on level 7 of the Dungeon.
             The game lasted 00:06:51 (3494 turns).

M4edhros the Covert (Octopode Artificer)            Turns: 3494, Time: 00:06:51

Health: -4/43      AC:  1    Str: 10    XL:     7   Next: 77%
Magic:  0/12       EV: 12    Int: 15    God:
Gold:   204        SH:  0    Dex: 14    Spells: 0 memorised, 6 levels left

rFire  . . .     SeeInvis .     a - +0 short sword
rCold  . . .     Clarity  .     (no shield)
rNeg   . . .     SustAt   +     (helmet restricted)
rPois  .         Gourm    .     j - amulet of guardian spirit
rElec  .         Spirit   +     o - ring of loudness (curse)
rCorr  .         Warding  .     t - ring of sustain attributes
rMut   .         Stasis   .     (no ring)
MR     .....                    (no ring)
Stlth  ++++......               (no ring)
                                (no ring)
                                (no ring)
                                (no ring)

@: not resistant to hostile enchantments, stealthy
A: almost no armour, amphibious, 8 rings, constrict 8, camouflage 1, gelatinous
body 1
a: no special abilities


You were on level 7 of the Dungeon.
You were not hungry.

You visited 1 branch of the dungeon, and saw 7 of its levels.

You collected 204 gold pieces.

Inventory:

Hand Weapons
 a - a +0 short sword (weapon)
 n - a +0 hunting sling
Missiles
 g - 42 stones (quivered)
Jewellery
 j - an amulet of guardian spirit (around mantle)
 o - a cursed ring of loudness (left tentacle)
 t - a ring of sustain attributes (right tentacle)
Wands
 b - a wand of flame (6)
 c - a wand of enslavement (15)
 d - a wand of random effects (0)
 u - a wand of draining (7)
Scrolls
 p - a scroll of identify
 q - 2 scrolls of enchant armour
 v - a scroll of remove curse {unknown}
Potions
 f - a potion of heal wounds
 i - a potion of haste {unknown}
 k - a potion of resistance
 l - 2 potions of curing {unknown}
 m - a potion of cancellation {unknown}
 s - 3 potions of flight {unknown}
Books
 r - a book of Transfigurations

   Spells                             Type                      Level
   a - Stoneskin                      Transmutation/Earth          2
   b - Irradiate                      Conjuration/Transmutation    5
   c - Statue Form                    Transmutation/Earth          6
   d - Hydra Form                     Transmutation                6
   e - Dragon Form                    Transmutation                7
Comestibles
 e - 3 bread rations
 h - 2 slices of pizza


   Skills:
 - Level 1.0 Fighting
 - Level 1.0 Short Blades
 - Level 2.0 Dodging
 + Level 8.5 Stealth
 + Level 7.2 Evocations


You had 6 spell levels left.
You didn't know any spells.

Dungeon Overview and Level Annotations

Branches:
Dungeon (7/15)
 Temple: D:4-7

Altars:
Kikubaaqudgha
Vehumet
Jiyva

Shops:
D:6 [


Innate Abilities, Weirdness & Mutations

You cannot wear most types of armour.
You are amphibious.
You can wear up to eight rings at the same time.
You can use your tentacles to constrict eight enemies at once.
Your skin changes colour to match your surroundings (Stealth).
Your rubbery body absorbs attacks (AC +1).


Message History

You barely miss the spriggan baker. Your grab misses the spriggan baker.
The spriggan baker is almost dead.
The spriggan baker hits you with a dagger! x2
You hit the spriggan baker. Your grab misses the spriggan baker.
The spriggan baker is almost dead.
The spriggan baker hits you with a dagger!
* * * LOW HITPOINT WARNING * * *
Evoke which item? (* to show all) (? for menu, Esc to quit)
Zapping:
b - a wand of flame (6)
Press: ? - help, Shift-Dir - straight line, f - spriggan baker
Aim: a spriggan baker, wielding a dagger and wearing a robe (almost dead)
Okay, then.
Evoke which item? (* to show all) (? for menu, Esc to quit)
Zapping:
u - a wand of draining (will waste charges)
Press: ? - help, Shift-Dir - straight line, f - spriggan baker
Aim: a spriggan baker, wielding a dagger and wearing a robe (almost dead)
The bolt of negative energy misses the spriggan baker.
Evoking this partially-identified wand wasted a few charges.
The spriggan baker hits you with a dagger!
You die...

### #%% #.## #.i#
##@####. ........
#.....#.. .......
#.....#... .....
####.##.##.. #..#
#....#####..####..###
##....#..............
#....#..............
#....#......))......
#....#......†.######


You could see a spriggan baker.

Vanquished Creatures
  The ghost of M4edhros the Sneak, an amateur OpAr (D:4)
  A phantom (D:5)
  A scorpion (D:4)
  A hound (D:7)
  3 crimson imps (D:5)
  An orc priest (D:6)
  A jelly (D:5)
  Jessica (D:2)
  2 orc wizards
  2 worker ants
  A hound zombie (D:5)
  4 adders
  3 gnolls (D:5)
  A shadow imp (D:5)
  3 oozes (D:5)
  An adder skeleton (D:5)
  4 giant geckos
  11 orcs
  6 goblins
  4 hobgoblins
  A ball python (D:1)
  6 bats
  7 giant cockroaches
  2 giant gecko skeletons (D:5)
  3 giant newts
  11 kobolds
  9 rats
91 creatures vanquished.

Vanquished Creatures (others)
  A plant (D:1)
1 creature vanquished.

Grand Total: 92 creatures vanquished

Notes
Turn   | Place    | Note
--------------------------------------------------------------
     0 | D:1      | M4edhros the Octopode Artificer began the quest for the Orb.
     0 | D:1      | Reached XP level 1. HP: 13/13 MP: 3/3
   193 | D:1      | Reached XP level 2. HP: 8/18 MP: 4/4
   855 | D:1      | Reached XP level 3. HP: 19/23 MP: 5/5
  1026 | D:1      | Reached skill level 4 in Evocations
  1144 | D:2      | Found a faded altar to an unknown god.
  1431 | D:2      | Noticed Jessica
  1439 | D:2      | Killed Jessica
  1439 | D:2      | Reached XP level 4. HP: 24/28 MP: 7/7
  1756 | D:4      | Reached skill level 5 in Stealth
  1756 | D:4      | Reached XP level 5. HP: 18/33 MP: 6/8
  1761 | D:4      | Found an ancient bone altar of Kikubaaqudgha.
  1910 | D:4      | Reached skill level 5 in Evocations
  1923 | D:4      | Noticed a yak
  1924 | D:4      | Noticed a yak
  1925 | D:4      | Noticed a yak
  1992 | D:4      | Noticed M4edhros's ghost (amateur OpAr)
  2029 | D:4      | Killed M4edhros's ghost
  2029 | D:4      | Reached skill level 6 in Stealth
  2029 | D:4      | Reached XP level 6. HP: 24/38 MP: 5/10
  2156 | D:5      | Entered Level 5 of the Dungeon
  2323 | D:5      | Reached skill level 7 in Stealth
  2541 | D:5      | Reached XP level 7. HP: 33/43 MP: 9/11
  2642 | D:5      | Found a viscous altar of Jiyva.
  2648 | D:5      | Reached skill level 8 in Stealth
  2767 | D:5      | Found a radiant altar of Vehumet.
  3121 | D:6      | Found Cekkox's Armour Boutique.
  3487 | D:7      | Noticed a spriggan baker
  3494 | D:7      | Slain by a spriggan baker

Action                   |  1- 3 |  4- 6 |  7- 9 || total
-------------------------+-------+-------+-------++-------
Melee: Short sword       |    81 |    74 |    59 ||   214
Evoke: Wand              |     2 |    12 |    11 ||    25
  Use: Potion            |     1 |       |       ||     1
       Scroll            |       |     2 |     1 ||     3
 Stab: Sleeping          |    11 |    11 |     2 ||    24
       Distracted        |       |       |     1 ||     1
  Eat: Chunk             |       |     4 |     1 ||     5
       Bread ration      |       |       |     1 ||     1
